 Dungeon Crawl Stone Soup version 0.24-a0-361-g57161393b2 (webtiles) character file.

Game seed: 1393760443688922290

547 theanonym the Magician (level 7, -1/41 HPs)
             Began as an Octopode Wizard on May 26, 2019.
             Slain by an ogre
             ... wielding a +0 giant club
              (26 damage)
             ... on level 5 of the Dungeon.
             The game lasted 00:10:58 (6387 turns).

theanonym the Magician (Octopode Wizard)            Turns: 6387, Time: 00:10:59

Health: -1/41      AC:  3    Str:  8    XL:     7   Next: 28%
Magic:  1/13       EV: 13    Int: 22    God:
Gold:   249        SH:  0    Dex: 11    Spells: 5/14 levels left

rFire    . . .     SeeInvis .   c - +3 whip (pain)
rCold    . . .     Gourm    .   (no shield)
rNeg     . . .     Faith    .   a - +2 hat
rPois    .         Spirit   .   (no amulet)
rElec    .         Reflect  .   g - +2 ring of strength (curse)
rCorr    .         Harm     .   (no ring)
MR       .....                  (no ring)
Stlth    +++.......             (no ring)
HPRegen  0.13/turn              (no ring)
MPRegen  0.13/turn              (no ring)
                                (no ring)
                                (no ring)

@: no status effects
A: almost no armour, stealthy swim, amphibious, 8 rings, constrict 8, camouflage
1, gelatinous body 1
a: no special abilities


Innate Abilities, Weirdness & Mutations

You cannot wear most types of armour.
You are very stealthy in the water. (Stealth+)
You are amphibious.
You can wear up to eight rings at the same time.
You can use your tentacles to constrict eight enemies at once.
Your skin changes colour to match your surroundings (Stealth+).
Your rubbery body absorbs attacks. (AC +1, EV +1)


   Skills:
 - Level 2.2 Dodging
 + Level 3.5 Stealth
 + Level 4.3 Spellcasting
 + Level 3.9 Conjurations
   Level 1.0 Summonings
 - Level 2.0 Translocations
 + Level 1.3 Fire Magic
 - Level 3.0 Air Magic
 - Level 3.0 Poison Magic


You had 5 spell levels left.
You knew the following spells:

 Your Spells              Type           Power        Failure   Level  Hunger
a - Magic Dart            Conj           ###.         2%          1    None
b - Conjure Flame         Conj/Fire      ###.....     11%         3    ##.....
d - Mephitic Cloud        Conj/Pois/Air  ###.....     9%          3    ##.....
l - Blink                 Tloc           N/A          8%          2    #......

Your spell library contained the following spells:

 Spells                   Type           Power        Failure   Level  Hunger
 Flame Tongue             Conj/Fire      ###..        3%          1    None
 Throw Flame              Conj/Fire      ###...       5%          2    #......
 Call Imp                 Summ           #.......     11%         2    #......
 Slow                     Hex            #.......     17%         2    #......
 Inner Flame              Hex/Fire       #.......     26%         3    ##.....
 Sticky Flame             Conj/Fire      ###.....     36%         4    ####...
 Fireball                 Conj/Fire      ###.......   71%         5    ######.

Skill      XL: |  1  2  3  4  5  6  7 |
---------------+----------------------+-----
Conjurations   | 2 3 |  3.9
Poison Magic   | 1 2 3 |  3.0
Air Magic      | 1 2 3 |  3.0
Translocations | 2 |  2.0
Spellcasting   | 4 |  4.3
Stealth        | 3 |  3.5
Fire Magic     | 1 |  1.3
Dodging        | |  2.2
Summonings     | |  1.0

Action                   |  1- 3 |  4- 6 |  7- 9 || total
-------------------------+-------+-------+-------++-------
Melee: Unarmed           |     6 |       |       ||     6
       Constrict         |     7 |    15 |       ||    22
       Tentacles         |     4 |     5 |     1 ||    10
       Dagger            |    17 |       |       ||    17
       Whip              |    10 |    66 |     1 ||    77
 Cast: Magic Dart        |    71 |    93 |    36 ||   200
       Mephitic Cloud    |       |     6 |     1 ||     7
       Conjure Flame     |       |     1 |     2 ||     3
       Blink             |       |     1 |     1 ||     2
  Use: Scroll            |       |    13 |     1 ||    14
 Stab: Sleeping          |     6 |     5 |       ||    11
       Confused          |       |     2 |       ||     2
  Eat: Chunk             |     3 |     5 |     1 ||     9
       Ration            |       |     2 |       ||     2
Armor: Skin              |     1 |     7 |       ||     8
Dodge: Dodged            |    26 |    46 |     1 ||    73

Inventory:

Hand Weapons
 c - a +3 whip of pain (weapon)
 i - a +1 dagger of flaming
Armour
 a - a +2 hat (worn)
Jewellery
 f - an uncursed ring of protection from magic {unknown}
 g - a cursed +2 ring of strength (left tentacle)
Wands
 d - a wand of digging (5)
Scrolls
 b - 2 scrolls of enchant armour
 h - a scroll of enchant weapon
 l - 2 scrolls of immolation
 n - a scroll of remove curse
 t - a scroll of teleportation {!r}
Potions
 j - a potion of degeneration
 k - a potion of lignification
 m - 2 potions of might
 q - 2 potions of heal wounds
 s - 2 potions of mutation
 w - 4 potions of curing
Comestibles
 e - 6 rations


You were on level 5 of the Dungeon.
You were very hungry.

You visited 2 branches of the dungeon, and saw 6 of its levels.

You collected 249 gold pieces.

Dungeon Overview and Level Annotations

Branches:
Dungeon (5/15)             Temple (1/1) D:5

Altars:
Ashenzari
Cheibriados
Dithmenos
Elyvilon
Fedhas
Gozag
Hepliaklqana
Kikubaaqudgha
Makhleb
Nemelex Xobeh
Okawaru
Qazlal
Ru
Sif Muna
Uskayaw
Vehumet
Xom
Yredelemnul
Zin
The Shining One

Shops:
D:4 %

Annotations:
D:4 exclusion: door, Grinder

##### ###
#.#.##########.#
#.#.#.#........#
#.>.........(#.#
#...#.#.####.#.#######
#.#...#.# #.#O......#.#
#.###.#.# #.@.....$...#
#.# ###.######..........
#.# #...................
#.# #.#.######.####.....
#.# #...................
##
#.####..#####...###....#
.. #.##............# ..#
#. ###'##.##.........#
### #.
#..†...#.>........# #.


You could see an ogre.

Notes
Turn   | Place    | Note
-------+----------+-------------------------------------------
     0 | D:1      | theanonym the Octopode Wizard began the quest for the Orb.
     0 | D:1      | Reached XP level 1. HP: 11/11 MP: 4/4
   215 | D:1      | Reached XP level 2. HP: 17/17 MP: 3/6
   500 | D:1      | HP: 7/17 [hobgoblin (5)]
   508 | D:1      | Reached skill level 2 in Conjurations
   742 | D:2      | Reached XP level 3. HP: 21/21 MP: 3/7
   752 | D:1      | Learned a level 3 spell: Mephitic Cloud
   755 | D:1      | Learned a level 2 spell: Blink
  1095 | D:2      | Found an ancient bone altar of Kikubaaqudgha.
  1100 | D:2      | Noticed a human
  1102 | D:2      | Killed a human
  1502 | D:2      | Found a sacrificial altar of Ru.
  1679 | D:3      | Learned a level 3 spell: Conjure Flame
  1795 | D:3      | Found a snail-covered altar of Cheibriados.
  1805 | D:3      | Reached skill level 1 in Poison Magic
  1805 | D:3      | Reached XP level 4. HP: 18/27 MP: 9/9
  1815 | D:3      | HP: 13/27 [poisoned by an adder]
  1822 | D:3      | HP: 12/27 [poisoned by an adder]
  1830 | D:3      | HP: 11/27 [poisoned by an adder]
  2124 | D:3      | Reached skill level 1 in Air Magic
  2246 | D:3      | HP: 12/27 [quokka (3)]
  2524 | D:3      | Reached XP level 5. HP: 31/31 MP: 6/10
  3215 | D:4      | Reached skill level 2 in Translocations
  3284 | D:4      | Found Mevouss's Food Shop.
  3345 | D:4      | Reached skill level 4 in Spellcasting
  3345 | D:4      | Reached skill level 2 in Poison Magic
  3370 | D:3      | HP: 15/31 [poisoned by a scorpion]
  3376 | D:3      | HP: 14/31 [poisoned by a scorpion]
  3384 | D:3      | HP: 12/31 [poisoned by a scorpion]
  3764 | D:3      | Found a snail-covered altar of Cheibriados.
  3961 | D:3      | Reached skill level 3 in Conjurations
  3961 | D:3      | Reached skill level 2 in Air Magic
  3961 | D:3      | Reached XP level 6. HP: 36/36 MP: 0/12
  4219 | D:4      | Noticed Blork the orc
  4229 | D:4      | Killed Blork the orc
  4229 | D:4      | Reached skill level 3 in Poison Magic
  4524 | D:4      | HP: 18/36 [poisoned by an adder]
  4916 | D:4      | Noticed Grinder
  4951 | D:4      | Found a radiant altar of Vehumet.
  5193 | D:4      | Found a shadowy altar of Dithmenos.
  5194 | D:4      | Found a hazy altar of Hepliaklqana.
  5196 | D:4      | Found a glowing golden altar of the Shining One.
  5277 | D:5      | Entered Level 5 of the Dungeon
  5599 | D:5      | Reached skill level 3 in Stealth
  5609 | D:5      | Reached XP level 7. HP: 31/41 MP: 0/13
  5754 | D:5      | Reached skill level 1 in Fire Magic
  5754 | D:5      | Reached skill level 3 in Air Magic
  5955 | D:5      | Found a staircase to the Ecumenical Temple.
  5961 | Temple   | Entered the Ecumenical Temple
  6387 | D:5      | Slain by an ogre

Vanquished Creatures
  Blork the orc (D:4)
  3 scorpions
  2 hounds
  2 orc wizards
  2 orc priests
  6 adders
  A shadow imp (D:5)
  2 oozes
  An adder skeleton (D:4)
  3 worms
  A dart slug (D:1)
  2 leopard geckos
  10 orcs
  2 ball pythons
  3 bats
  4 giant cockroaches
  10 goblins
  6 hobgoblins
  A quokka (D:3)
  3 frilled lizards
  3 kobolds (D:3)
  6 rats
74 creatures vanquished.

Vanquished Creatures (others)
  A human (D:2)
1 creature vanquished.

Grand Total: 75 creatures vanquished

Table legend:
 A = Turns spent in this place as a percentage of turns spent in the entire game.
 B = Non-inter-level travel turns spent in this place as a percentage of non-inter-level travel turns spent in the entire game.
 C = Inter-level travel turns spent in this place as a percentage of turns spent in this place.
 D = Turns resting spent in this place as a percentage of non-inter-level travel turns spent in this place.
 E = Turns spent auto-exploring this place as a percentage of non-inter-level travel turns spent in this place.
 F = Non-inter-level travel turns spent in this place divided by the number of levels of this place that you've seen.
                   A       B       C       D       E      F
               +-------+-------+-------+-------+-------+----------------------
         Total | 100.0 | 100.0 |   4.3 |  38.6 |  49.6 | 1018.7
       Dungeon |  96.6 |  97.0 |   3.9 |  39.8 |  48.2 | 1186.0
        Temple |   3.4 |   3.0 |  15.0 |   0.0 |  96.2 | 182.0
               +-------+-------+-------+-------+-------+----------------------
